 Dungeon Crawl Stone Soup version 0.27.0-1-g7a089689b8 (webtiles) character file.

Game seed: 12982695830569058920

2118 Spectrina the Thaumaturge (level 9, -2/55 HPs)
             Began as a Djinni Necromancer on Aug 17, 2021.
             Was an Elder of Jiyva.
             Slain by an ice beast (4 damage)
             ... on level 8 of the Dungeon.
             The game lasted 00:36:21 (3396 turns).

Spectrina the Thaumaturge (Djinni Necromancer)      Turns: 3396, Time: 00:36:22

Health: -2/55      AC:  6    Str:  7    XL:     9   Next: 54%
Gold:   202        EV: 11    Int: 27    God:    Jiyva [****..] SH:  0 Dex: 13

rFire    + + .     SeeInvis .   a - +0 whip (elec)
rCold    x . .     Faith    .   (no shield)
rNeg     . . .     Spirit   .   r - +3 leather armour {rPois}
rPois    ∞         Reflect  .   (no helmet)
rElec    .         Harm     .   (no cloak)
rCorr    +         Rampage  .   (no gloves)
Will     .....                  (boots unavailable)
Stlth    ++........             (no amulet)
HPRegen  0.18/turn              l - +6 ring of intelligence
MPRegen  0.00/turn              (no ring)

@: flying, invisible
A: sickness immunity, fire resistance 2, cold vulnerability 1, float, innate
caster, hp casting, extra vitality 1
a: Renounce Religion, Request Jelly, Slimify


You were on level 8 of the Dungeon.
You worshipped Jiyva.
Jiyva was greatly pleased with you.
You visited 1 branch of the dungeon, and saw 8 of its levels.
You also visited: Sewer.

You collected 238 gold pieces.
You spent 36 gold pieces at shops.

Inventory:

Hand Weapons
 a - a +0 whip of electrocution (weapon)
 f - a +0 spear
 k - a +1 spear of freezing
Missiles
 b - 76 stones (quivered)
 c - 34 bolts
 j - a curare-tipped dart
 t - 43 arrows
Armour
 e - a +1 robe
 r - a +3 leather armour of poison resistance (worn)
Jewellery
 l - a +6 ring of intelligence (left hand)
Wands
 q - a wand of acid (1)
Scrolls
 g - 5 scrolls of teleportation
 h - 3 scrolls of enchant armour
 m - a scroll of summoning {unknown}
 o - 2 scrolls of fear {unknown}
 s - a scroll of enchant weapon {unknown}
 u - a scroll of fog {unknown}
 v - a scroll of vulnerability
Potions
 i - 3 potions of cancellation
 n - 2 potions of might
 p - a potion of invisibility
 w - a potion of lignification


   Skills:
 - Level 2.1 Dodging
 - Level 1.5 Stealth
 + Level 9.8 Spellcasting


You had 5 spell levels left.
You knew the following spells:

 Your Spells              Type           Power      Damage    Failure   Level
a - Freeze                Ice            100%       1d11      1%          1
b - Blink                 Tloc           N/A        N/A       1%          2
d - Searing Ray           Conj           100%       3d7       1%          2
e - Tukima's Dance        Hex            61%        N/A       1%          3
f - Vampiric Draining     Necr           30%        2d10      1%          3
o - Animate Dead          Necr           30%        N/A       1%          4
p - Animate Skeleton      Necr           100%       N/A       1%          1
q - Pain                  Necr           100%       1d9       1%          1
w - Agony                 Necr           61%        N/A       3%          5
Your spell library was empty.

Dungeon Overview and Level Annotations

Branches:
Dungeon (8/15)             Temple (0/1) D:4           Sewer (visited)
   Lair: D:8-11

Altars:
Gozag
Sif Muna
Trog
Wu Jian
Jiyva

Shops:
D:2 ?

Annotations:
D:3 3 runed translucent doors, trckry's ghost, amateur OgWr
D:4 2 transporters, MemeProof's ghost, amateur DrCj


Innate Abilities, Weirdness & Mutations

You are immune to sickness and miasma.
You are immune to poison.
Your flesh is very heat resistant. (rF++)
You are vulnerable to cold. (rC-)
You float through the air rather than walking.
You learn spells naturally, not from books.
Your magical power is your life essence.
You have superior vitality. (+4 HP)


Message History

An ice beast is nearby!
Unknown command.
An ice beast is nearby!
Found a blackened bone ring.
Casting: Vampiric Draining (safe; 1% risk of failure)
Confirm with . or Enter, or press ? or * to list all spells.
Aiming: Pain (safe; 1% risk of failure)
Press: ? - help, Shift-Dir - straight line, f - ice beast
Aim: an ice beast (chance to affect: 84%)
The ice beast barely resists.
Casting: Pain (safe; 1% risk of failure)
Confirm with . or Enter, or press ? or * to list all spells.
Aiming: Pain (safe; 1% risk of failure)
Press: ? - help, Shift-Dir - straight line, f/p - ice beast
Aim: an ice beast (chance to affect: 84%)
The ice beast writhes in agony!
Casting: Pain (safe; 1% risk of failure)
Confirm with . or Enter, or press ? or * to list all spells.
Aiming: Pain (safe; 1% risk of failure)
Press: ? - help, Shift-Dir - straight line, f/p - ice beast
Aim: an ice beast (moderately wounded, chance to affect: 84%)
The ice beast writhes in agony.
Casting: Pain (safe; 1% risk of failure)
Confirm with . or Enter, or press ? or * to list all spells.
Aiming: Vampiric Draining (safe; 1% risk of failure)
Press: ? - help, Shift-Dir - straight line, f/p - ice beast
Aim: an ice beast (moderately wounded)
You draw life force from the ice beast.
You feel life coursing into your body. The ice beast hits you.
The ice beast freezes you!!
You feel a terrible chill!
* * * LOW HITPOINT WARNING * * *
Unknown command.
Okay, then.
Okay, then.
Okay, then.
Press: ? - help, v - describe, . - travel
Here: an ice beast (heavily wounded)
The floor.
You fade into invisibility!
The ice beast hits you.
You die...

####### ......# #####.#
########### #.# #..=.@Y...#
#.######.#######.#####
#.##...#.............#
##.J..................#
###...####..............# #####
#..........########.##### #...#
#.................#.########...#
#.>...........................J.
#............#######..##........


You could see an ice beast.

Vanquished Creatures
  A two-headed ogre (D:8)
  A tarantella (shapeshifter) (D:8)
  A wyvern (D:8)
  An acid dragon (D:8)
  A water moccasin (D:8)
  2 orc warriors (D:8)
  A black bear (D:8)
  An ice beast (D:8)
  Blork the orc (D:5)
  A kobold brigand (D:8)
  A bullfrog (D:8)
  4 killer bees (D:8)
  A howler monkey (D:6)
  A bullfrog zombie (D:5)
  A centaur zombie (D:8)
  An iguana (D:6)
  Ijyb (D:5)
  An orc wizard (D:7)
  A killer bee zombie (D:6)
  2 gnolls (D:3)
  A howler monkey skeleton (D:7)
  3 adders
  2 white imps
  An ufetubus (D:6)
  4 worms
  8 orcs
  5 ball pythons
  3 bats
  2 endoplasms (D:1)
  2 giant cockroaches
  4 goblins
  A hobgoblin (D:3)
  4 jackals
  3 quokkas
  8 frilled lizards
  6 kobolds
  14 rats
96 creatures vanquished.

Vanquished Creatures (collateral kills)
  A bullfrog (D:8)
  A centaur zombie (D:8)
2 creatures vanquished.

Vanquished Creatures (others)
  A black bear (D:8)
  A phantom (D:5)
  A bullfrog (D:7)
  A wyvern zombie (D:5)
  A scorpion (D:5)
  15 jellies
  A centaur zombie (D:8)
  An iguana (D:2)
  A gnoll (D:3)
  4 adders
  3 orcs (D:5)
  3 ball pythons
  An endoplasm (D:1)
  A giant cockroach (D:1)
  2 goblins (D:2)
  A hobgoblin (D:3)
  6 jackals
  3 bats (D:2)
  A frilled lizard (Sewer)
  8 kobolds
  14 plants (D:8)
70 creatures vanquished.

Grand Total: 168 creatures vanquished

Notes
Turn   | Place    | Note
-------+----------+-------------------------------------------
     0 | D:1      | Spectrina the Djinni Necromancer began the quest for the
                  | Orb.
     0 | D:1      | Reached XP level 1. HP: 15/15 MP: 0/0
    34 | D:2      | Noticed an iguana
    73 | D:1      | Found a faded altar of an unknown god.
    77 | D:1      | Became a worshipper of Jiyva Joddemug the Shapeless
    77 | D:1      | Reached * piety under Jiyva
   225 | D:1      | Reached XP level 2. HP: 2/21 MP: 0/0
   646 | D:2      | Found Vimoar's Magic Scroll Shoppe.
   653 | D:2      | Bought a scroll of teleportation for 36 gold pieces
   675 | D:3      | Found a runed translucent gate.
   675 | D:3      | Found a runed translucent gate.
   675 | D:3      | Found a runed translucent gate.
   688 | D:3      | Noticed trckry's ghost (amateur OgWr)
   781 | D:2      | Reached ** piety under Jiyva
   866 | D:2      | Reached XP level 3. HP: 25/25 MP: 0/0
   866 | D:2      | Learned a level 1 spell: Freeze
   966 | D:3      | Reached skill level 4 in Spellcasting
  1190 | D:2      | Reached XP level 4. HP: 11/31 MP: 0/0
  1431 | D:4      | Found an opulent altar of Gozag.
  1431 | D:4      | Found an ornate altar of the Wu Jian Council.
  1473 | D:4      | Found a staircase to the Ecumenical Temple.
  1565 | D:5      | Entered Level 5 of the Dungeon
  1565 | D:5      | Noticed a scorpion
  1638 | D:5      | Noticed Blork the orc
  1672 | D:4      | Found a transporter.
  1673 | D:4      | Found a transporter.
  1673 | D:4      | Noticed MemeProof's ghost (amateur DrCj)
  1673 | D:4      | Noticed an ogre
  1675 | D:4      | Noticed an ogre
  1678 | D:4      | Noticed an ogre
  1778 | D:5      | Killed a scorpion
  1803 | D:5      | Reached XP level 5. HP: 13/35 MP: 0/0
  1803 | D:5      | Learned a level 2 spell: Blink
  1842 | D:5      | Reached *** piety under Jiyva
  1892 | D:5      | Noticed a phantom
  1909 | D:5      | HP: 1/35 [phantom (4)]
  2027 | D:5      | Found a glowing drain.
  2031 | Sewer    | Entered a sewer
  2116 | Sewer    | Gained mutation: Your rubbery body absorbs attacks. (AC +1,
                  | EV +1) [Jiyva's grace]
  2189 | Sewer    | Reached skill level 5 in Spellcasting
  2383 | D:5      | Killed a phantom
  2409 | D:5      | Killed Blork the orc
  2410 | D:5      | Reached XP level 6. HP: 37/40 MP: 0/0
  2439 | D:5      | Noticed Ijyb
  2443 | D:5      | Killed Ijyb
  2744 | D:6      | Reached skill level 6 in Spellcasting
  2842 | D:7      | Reached XP level 7. HP: 37/45 MP: 0/0
  2842 | D:7      | Learned a level 2 spell: Searing Ray
  2963 | D:8      | Noticed a moth of wrath
  2966 | D:8      | Found a bloodstained altar of Trog.
  3051 | D:8      | Reached **** piety under Jiyva
  3153 | D:8      | Noticed a water moccasin
  3158 | D:8      | Killed a water moccasin
  3159 | D:8      | Reached skill level 7 in Spellcasting
  3166 | D:8      | Noticed a wyvern
  3169 | D:8      | Reached XP level 8. HP: 39/50 MP: 0/0
  3171 | D:8      | Killed a wyvern
  3179 | D:8      | Reached skill level 8 in Spellcasting
  3206 | D:8      | Noticed a two-headed ogre
  3248 | D:8      | Killed a two-headed ogre
  3249 | D:8      | Reached skill level 9 in Spellcasting
  3249 | D:8      | Reached XP level 9. HP: 13/55 MP: 0/0
  3249 | D:8      | Learned a level 3 spell: Tukima's Dance
  3367 | D:8      | Lost mutation: Your rubbery body absorbs attacks. (AC +1,
                  | EV +1) [Jiyva's grace]
  3391 | D:8      | HP: 1/55 [ice beast (19)]
  3396 | D:8      | Slain by an ice beast

Illustrated notes

Levels and vault maps discovered:
D:1:      dpeg_arrival_central, layout_basic, basic_ecumenical_altar
D:2:      layout_loops_cross, serial_shops, nicolae_shop_stone, minmay_domino_4
D:3:      layout_rooms, gammafunk_ghost_necromancy
D:4:      layout_cave_pools, gammafunk_temple_overflow_elements,
          minmay_temple_entry_nine_rooms, gammafunk_ghost_smash,
          hangedman_decor_peaks_small, minmay_misc_feat_secret_circle,
          uniq_sigmund
D:5:      layout_basic, lemuel_doored_altar,
          mainiacjoe_overflow_six_doors_small, gup_sewer_entry_bowl,
          uniq_blork_the_orc, uniq_ijyb
D:6:      layout_rooms
D:7:      layout_gridville
D:8:      nzn_winding_woodlands_medium [nzn_winding_woodlands_5x5_closed_star,
          nzn_winding_woodlands_5x15_lazy_stream,
          nzn_winding_woodlands_5x5_open_star, nzn_winding_woodlands_5x5_cross,
          nzn_winding_woodlands_center_garden,
          nzn_winding_woodlands_5x5_checkerboard,
          nzn_winding_woodlands_5x5_perimeter,
          nzn_winding_woodlands_5x15_longhouse,
          nzn_winding_woodlands_hourglass], layout_basic, tgw_trog, special_room
          [special_room_orc], grunt_ministairs_11, hangedman_ranch

Skill      XL: |  1  2  3  4  5  6  7  8 |
---------------+-------------------------+-----
Spellcasting   | 4 5 6 7 9 |  9.8
Dodging        | |  2.1
Stealth        | |  1.5

Action                   |  1- 3 |  4- 6 |  7- 9 || total
-------------------------+-------+-------+-------++-------
Melee: Whip              |    41 |    39 |     9 ||    89
Throw: Stone             |    43 |    31 |     1 ||    75
 Cast: Pain              |    16 |    18 |     6 ||    40
       Vampiric Draining |     8 |    35 |    47 ||    90
       Freeze            |     5 |    11 |       ||    16
       Animate Dead      |       |     1 |     1 ||     2
       Blink             |       |     1 |       ||     1
       Searing Ray       |       |       |     1 ||     1
       Tukima's Dance    |       |       |     1 ||     1
Evoke: Wand              |       |       |     3 ||     3
  Use: Potion            |     1 |     6 |     2 ||     9
       Scroll            |       |       |     4 ||     4
 Stab: Sleeping          |     3 |       |       ||     3
Armor: Robe              |    13 |     4 |       ||    17
       Leather armour    |       |    17 |    17 ||    34
Dodge: Dodged            |    28 |    61 |    48 ||   137
